 Dungeon Crawl Stone Soup version 0.30-a0-919-g9323dee000 (webtiles) character file.

Game seed: 6388426347687896959

170 Aequonox the Conjurer (level 5, -3/35 HPs)
             Began as a Human Conjurer on Mar 21, 2023.
             Was an Initiate of Yredelemnul.
             Killed from afar by Ijyb (12 damage)
             ... with a bolt of dispelling energy
             ... on level 3 of the Dungeon.
             The game lasted 00:05:55 (2706 turns).

Aequonox the Conjurer (Human Conjurer)              Turns: 2706, Time: 00:05:57

Health: -3/35      AC:  4    Str:  8    XL:     5   Next: 80%
Magic:  16/18      EV: 12    Int: 20    God:    Yredelemnul [......]
Gold:   130        SH:  0    Dex: 11    Spells: 9/10 levels left

rFire   . . .      SeeInvis .    q - +2 mace (heavy)
rCold   x . .      Faith    +    (no shield)
rNeg    . . .      Spirit   .    a - +0 robe
rPois   +          Reflect  .    f - +0 helmet
rElec   .          Rampage  .    (no cloak)
rCorr   +                        r - +0 pair of gloves
Will    .....                    (no boots)
Stlth   ++                       g - amulet of faith
HPRegen 0.25/turn                x - ring "Lumywar" {rPois rC- rCorr MP+9}
MPRegen 0.16/turn                (no ring)

@: no status effects
A: no striking features
a: Renounce Religion, Recall Undead Harvest


You were on level 3 of the Dungeon.
You worshipped Yredelemnul.
Yredelemnul was noncommittal.
You visited 1 branch of the dungeon, and saw 4 of its levels.

You collected 130 gold pieces.

Inventory:

Hand Weapons
 q - a +2 heavy mace (weapon)
Missiles
 u - 2 boomerangs of dispersal
Armour
 a - a +0 robe (worn)
 f - a +0 helmet (worn)
 r - a +0 pair of gloves (worn)
Jewellery
 g - an amulet of faith (around neck)
 x - the ring "Lumywar" (left hand) {rPois rC- rCorr MP+9}
   (You found it on level 3 of the Dungeon)

   [ring of magical power]

   rC:        It makes you vulnerable to cold.
   rPois:     It protects you from poison.
   MP:        It affects your magic capacity (+9).
   rCorr:     It protects you from acid and corrosion.
Wands
 v - a wand of flame (11)
Scrolls
 c - a scroll of poison {unknown}
 e - a scroll of immolation {unknown}
 h - a scroll of fog {unknown}
 i - a scroll of silence {unknown}
 j - 5 scrolls of identify {unknown}
 n - a scroll of magic mapping {unknown}
 s - 4 scrolls of teleportation {unknown}
 t - a scroll of enchant weapon {unknown}
 w - a scroll of torment {unknown}
Potions
 b - a potion of magic
 d - a potion of cancellation {unknown}
 k - a potion of heal wounds {unknown}
 l - a potion of resistance {unknown}
 m - 3 potions of mutation {unknown}
 o - 3 potions of brilliance {unknown}
 p - a potion of experience {unknown}


   Skills:
 + Level 3.2 Dodging
 - Level 3.3 Stealth
 + Level 3.0 Spellcasting
 + Level 4.8 Conjurations


You had 9 spell levels left.
You knew the following spells:

 Your Spells              Type           Power      Damage    Failure   Level
a - Magic Dart            Conj           88%        1d7       1%          1

Your spell library contained the following spells:

 Spells                   Type           Power      Damage    Failure   Level
 Searing Ray              Conj           44%        2d6       3%          2
 Shock                    Conj/Air       48%        1d6       5%          1
 Dazzling Flash           Conj/Hex       24%        N/A       16%         3
 Swiftness                Air            3%         N/A       38%         3
 Fulminant Prism          Conj/Hex       6%         3d7       45%         4
 Iskenderun's Mystic Bla  Conj/Tloc      12%        2d5       45%         4
 Airstrike                Air            1%         2d(1-17)  80%         4


Dungeon Overview and Level Annotations

Branches:
Dungeon (4/15)             Temple (0/1) D:4

Altars:
Yredelemnul

Annotations:
D:3 Ijyb


Message History

Ijyb is nearby!
Ijyb shouts!
The magic dart hits Ijyb but does no damage.
The magic dart hits Ijyb but does no damage.
You can't see any susceptible monsters within range! (Use Z to cast anyway.) Really fire in your ball python zombie's direction? [Y]es or [N]o only, please.
Really fire in your ball python zombie's direction? [Y]es or [N]o only, please.
Really fire in your ball python zombie's direction?
Okay, then.
Your ball python zombie bites Ijyb but does no damage.
Your ball python zombie barely misses Ijyb.
Ijyb screams, "I no like you!"
Ijyb zaps a wand.
The bolt of dispelling energy hits you!
The magic dart hits Ijyb.
Ijyb is moderately wounded.
Your rat zombie bites Ijyb.
Your ball python zombie barely misses Ijyb. x2
Ijyb zaps a wand.
The bolt of dispelling energy hits you!
* * * LOW HITPOINT WARNING * * *
Your ball python zombie barely misses Ijyb.
Your ball python zombie grabs Ijyb.
Your ball python zombie constricts Ijyb.
Your rat zombie bites Ijyb but does no damage.
Ijyb barely misses your rat zombie.
Your ball python zombie bites Ijyb but does no damage.
Your ball python zombie constricts Ijyb.
Your rat zombie bites Ijyb.
Ijyb struggles to escape constriction.
Your ball python zombie bites Ijyb but does no damage.
Your ball python zombie constricts Ijyb.
Ijyb struggles to escape constriction.
Your rat zombie bites Ijyb but does no damage.
Your ball python zombie loses its grip on Ijyb.
Ijyb zaps a wand.
The bolt of dispelling energy hits your ball python zombie!!
Your ball python zombie is destroyed!
The bolt of dispelling energy hits you!
You die...
Your body rises from the dead as a mindless zombie.

........... ..
..g...... ..#
###..Z..#
$..###.$...#.#
#............#
.
........#...##
..##..........#
..........#..##
.......@#..#
##..##..>..#
#...#...#.##
...#...#.#..#
## ###....>.#
##...#.####
#........#
##.##..#.###
#.##....>.####


You could see Ijyb (ally target) and a friendly rat zombie.

Vanquished Creatures
  A hound (D:4)
  2 gnolls (D:4)
  7 adders
  A worm (D:2)
  2 bats
  4 endoplasms
  2 giant cockroaches (D:1)
  4 goblins
  4 hobgoblins
  5 quokkas
  5 ball pythons
  A frilled lizard (D:1)
  2 kobolds
  8 rats
48 creatures vanquished.

Vanquished Creatures (collateral kills)
  An adder (D:4)
  A dart slug (D:2)
2 creatures vanquished.

Vanquished Creatures (others)
  A hound zombie (D:4)
  3 adder zombies (D:4)
  A gnoll zombie (D:4)
  A ball python zombie (D:3)
  A goblin zombie (D:2)
  A hobgoblin zombie (D:4)
8 creatures vanquished.

Grand Total: 58 creatures vanquished

Notes
Turn   | Place    | Note
-------+----------+-------------------------------------------
     0 | D:1      | Aequonox the Human Conjurer began the quest for the Orb.
     0 | D:1      | Reached XP level 1. HP: 13/13 MP: 3/3
   214 | D:1      | Reached XP level 2. HP: 17/19 MP: 1/5
   666 | D:1      | Found a faded altar of an unknown god.
   677 | D:1      | Prayed at the altar of an unknown god.
   677 | D:1      | Became a worshipper of Yredelemnul the Dark
   677 | D:1      | Reached * piety under Yredelemnul
   709 | D:1      | Reached XP level 3. HP: 24/24 MP: 3/6
  1159 | D:2      | You fall into a shaft and drop 2 floors!
  1263 | D:4      | Reached XP level 4. HP: 30/30 MP: 3/7
  1636 | D:4      | Found a staircase to the Ecumenical Temple.
  1645 | D:4      | Reached XP level 5. HP: 33/35 MP: 4/9
  2603 | D:3      | Identified the ring "Lumywar" {rPois rC- rCorr MP+9}
  2696 | D:3      | Noticed Ijyb
  2706 | D:3      | Killed from afar by Ijyb

Illustrated notes

Levels and vault maps discovered:
D:1:      dpeg_arrival_pits, layout_basic, dreamdust_ecumenical_altar_statues
D:2:      layout_loops_cross, grunt_decor_resistance, hangedman_feature_mirror
D:3:      layout_rooms, minmay_misc_feat_pillars, uniq_ijyb
D:4:      layout_loops_ring, nicolae_overflow_hidden_temple,
          minmay_temple_entry_statues_fountains, nicolae_half_adder

Skill      XL: |  1  2  3  4  5 |
---------------+----------------+-----
Stealth        | 3 |  3.3
Dodging        | 3 |  3.2
Spellcasting   | 3 |  3.0
Conjurations   | |  4.8

Action                     |  1- 3 |  4- 6 || total
---------------------------+-------+-------++-------
  Melee: Unarmed           |     5 |     4 ||     9
   Cast: Magic Dart        |    52 |    60 ||   112
 Invoke: Recall Undead Har |     1 |       ||     1
 Armour: Robe              |     1 |     4 ||     5
  Dodge: Dodged            |     5 |    11 ||    16

Table legend: (Time is in decaauts)
 A = Elapsed time spent in this place.
 B = Non-inter-level travel time spent in this place.
 C = Inter-level travel time spent in this place.
 D = Time resting spent in this place.
 E = Time spent auto-exploring this place.
 F = Levels seen in this place.
 G = Mean time per level.
                   A        B        C        D        E       F      G
               +--------+--------+--------+--------+--------+-----+--------+
         Total |   2704 |   2651 |     53 |     30 |   2240 |   4 |  676.0 |
       Dungeon |   2704 |   2651 |     53 |     30 |   2240 |   4 |  676.0 |
               +--------+--------+--------+--------+--------+-----+--------+

Top non-repeatable levels by time:
     D:1: 1121 daAuts
     D:2: 902 daAuts
     D:4: 536 daAuts
     D:3: 143 daAuts
